 Dungeon Crawl Stone Soup version 0.28-a0-1616-g050a50673c (webtiles) character file.

Game seed: 1494967129798906650

151 anonymouscript the Slasher (level 5, 0/47 HPs)
             Began as a Gnoll Cinder Acolyte on Jan 22, 2022.
             Was a High Priest of Ignis.
             Slain by Ijyb (3 damage)
             ... on level 3 of the Dungeon on Jan 23, 2022.
             The game lasted 00:04:52 (1177 turns).

anonymouscript the Slasher (Gnoll Cinder Acolyte)   Turns: 1177, Time: 00:04:53

Health: 0/47       AC:  2    Str: 14    XL:     5   Next: 33%
Magic:  3/9        EV: 15    Int: 13    God:    Ignis [*****.]
Gold:   36         SH:  0    Dex:  9    Spells: 8/10 levels left

rFire   + . .      SeeInvis .   a - -1 falchion (flame)
rCold   . . .      Faith    .   (no shield)
rNeg    . . .      Spirit   .   b - +0 robe
rPois   .          Reflect  .   (no helmet)
rElec   .          Harm     .   (no cloak)
rCorr   .          Rampage  .   (no gloves)
Will    .....                   (no boots)
Stlth   +.........              (no amulet)
HPRegen 0.15/turn               c - +4 ring of evasion
MPRegen 0.11/turn               (no ring)

@: no status effects
A: fangs 1, strong nose, distributed training
a: Renounce Religion, Fiery Armour, Foxfire Swarm, Rising Flame


You were on level 3 of the Dungeon.
You worshipped Ignis.
Ignis was extremely pleased with you.
You visited 1 branch of the dungeon, and saw 3 of its levels.

You collected 36 gold pieces.

Inventory:

Hand Weapons
 a - a -1 falchion of flaming (weapon)
Armour
 b - a +0 robe (worn)
 f - a +0 ring mail
Jewellery
 c - a +4 ring of evasion (left hand)
Scrolls
 d - a scroll of torment {unknown}
 h - a scroll of enchant weapon {unknown}
 i - a scroll of fog {unknown}
Potions
 e - 2 potions of flight {unknown}
 g - a potion of mutation {unknown}


   Skills:
 + Level 6.7 Fighting
 + Level 1.4 Short Blades
 + Level 6.7 Long Blades
 + Level 1.4 Axes
 + Level 1.4 Maces & Flails
 + Level 1.4 Polearms
 + Level 1.4 Staves
 + Level 1.4 Slings
 + Level 1.4 Bows
 + Level 1.4 Crossbows
 + Level 1.4 Throwing
 + Level 1.4 Armour
 + Level 1.4 Dodging
 + Level 1.4 Stealth
 + Level 1.4 Shields
 + Level 1.4 Unarmed Combat
 + Level 3.1 Spellcasting
 + Level 1.1 Conjurations
 + Level 1.1 Hexes
 + Level 1.1 Summonings
 + Level 1.1 Necromancy
 + Level 1.1 Translocations
 + Level 1.1 Transmutations
 + Level 5.5 Fire Magic
 + Level 1.1 Ice Magic
 + Level 1.1 Air Magic
 + Level 1.1 Earth Magic
 + Level 1.1 Poison Magic
 + Level 1.6 Invocations
 + Level 1.4 Evocations


You had 8 spell levels left.
You knew the following spells:

 Your Spells              Type           Power      Damage    Failure   Level
a - Scorch                Fire           32%        2d7       3%          2

Your spell library contained the following spells:

 Spells                   Type           Power      Damage    Failure   Level


Dungeon Overview and Level Annotations

Branches:
Dungeon (3/15)

Altars:

Annotations:
D:3 Ijyb


Innate Abilities, Weirdness & Mutations

You have very sharp teeth.
Your uncanny sense of smell can sniff out nearby items.
Your experience applies equally to all skills.


Message History

Flames lash the hound.
The hound is moderately wounded.
The hound's fire resistance burns away.
The hound barely misses you. x2
You barely miss the hound. You bite the hound, but do no damage.
The hound is moderately wounded.
The hound misses you. The hound completely misses you.
There is a stone staircase leading up, spattered with blood here.
You hit the hound. You burn the hound.
The hound is severely wounded.
The hound barely misses you.
You hit the hound. You burn the hound.
The hound is almost dead.
The hound is no longer more vulnerable to fire.
The hound bites you. The hound barely misses you.
You closely miss the hound. You bite the hound, but do no damage.
The hound is almost dead.
The hound bites you.
You slash the hound! You burn the hound.
You kill the hound!
You closely miss Ijyb. Your punch misses Ijyb.
Ijyb hits you with a +3 dagger of speed.
You closely miss Ijyb. You bite Ijyb.
Ijyb is lightly wounded.
Ijyb misses you.
Ijyb hits you with a +3 dagger of speed.
You barely miss Ijyb.
Ijyb is lightly wounded.
Ijyb hits you with a +3 dagger of speed.
* * * LOW HITPOINT WARNING * * *
You hit Ijyb but do no damage.
Ijyb is lightly wounded.
Ijyb hits you with a +3 dagger of speed.
* * * LOW HITPOINT WARNING * * *
You hit Ijyb but do no damage.
Ijyb is lightly wounded.
Ijyb hits you with a +3 dagger of speed.
* * * LOW HITPOINT WARNING * * *
Ijyb hits you with a +3 dagger of speed.
You die...

o# ##. ##[.
... #.#
##)#####.###
#.og@รท......
#..#####.###
#.[# .....
####.## #.#
#.# ..# ..#


You could see Ijyb and an orc.

Vanquished Creatures
  A hound (D:3)
  An orc priest (D:3)
  An iguana (D:2)
  An orc wizard (D:3)
  2 adders
  A dart slug (D:2)
  2 bats (D:2)
  2 endoplasms (D:2)
  3 goblins (D:1)
  A hobgoblin (D:2)
  2 quokkas
  3 ball pythons
  4 frilled lizards
  3 kobolds
27 creatures vanquished.

Notes
Turn   | Place    | Note
-------+----------+-------------------------------------------
     0 | D:1      | anonymouscript the Gnoll Cinder Acolyte began the quest for
                  | the Orb.
     0 | D:1      | Reached XP level 1. HP: 23/23 MP: 4/4
   372 | D:1      | Reached XP level 2. HP: 28/29 MP: 5/5
   460 | D:1      | Learned a level 2 spell: Scorch
   595 | D:2      | Reached XP level 3. HP: 30/35 MP: 7/7
   735 | D:2      | Reached skill level 1 in Short Blades
   735 | D:2      | Reached skill level 1 in Axes
   735 | D:2      | Reached skill level 1 in Maces & Flails
   735 | D:2      | Reached skill level 1 in Polearms
   735 | D:2      | Reached skill level 1 in Staves
   735 | D:2      | Reached skill level 1 in Slings
   735 | D:2      | Reached skill level 1 in Bows
   735 | D:2      | Reached skill level 1 in Crossbows
   735 | D:2      | Reached skill level 1 in Throwing
   735 | D:2      | Reached skill level 1 in Armour
   735 | D:2      | Reached skill level 1 in Dodging
   735 | D:2      | Reached skill level 1 in Stealth
   735 | D:2      | Reached skill level 1 in Shields
   735 | D:2      | Reached skill level 1 in Unarmed Combat
   735 | D:2      | Reached skill level 1 in Invocations
   735 | D:2      | Reached skill level 1 in Evocations
   914 | D:2      | Noticed a black bear
   953 | D:3      | Reached XP level 4. HP: 34/41 MP: 8/8
   974 | D:3      | Reached skill level 1 in Conjurations
   974 | D:3      | Reached skill level 1 in Hexes
   974 | D:3      | Reached skill level 1 in Summonings
   974 | D:3      | Reached skill level 1 in Necromancy
   974 | D:3      | Reached skill level 1 in Translocations
   974 | D:3      | Reached skill level 1 in Transmutations
   974 | D:3      | Reached skill level 1 in Ice Magic
   974 | D:3      | Reached skill level 1 in Air Magic
   974 | D:3      | Reached skill level 1 in Earth Magic
   974 | D:3      | Reached skill level 1 in Poison Magic
  1165 | D:3      | Reached XP level 5. HP: 35/47 MP: 4/9
  1165 | D:3      | Noticed Ijyb
  1177 | D:3      | Slain by Ijyb

Illustrated notes

Levels and vault maps discovered:
D:1:      heliophobic_arrival_enchanted_forest, layout_basic,
          shapermc_ecumenical_altar_pompeii
D:2:      kennysheep_big_flooded_room, layout_basic,
          corexii_item_surrounded_by_moat
D:3:      layout_loops_ring, grunt_temple_overflow_opulence,
          nicolae_overflow_crystal_walls, grunt_ministairs_1, uniq_sigmund,
          uniq_ijyb

Skill      XL: |  1  2  3  4 |
---------------+-------------+-----
Short Blades   | 1 |  1.4
Axes           | 1 |  1.4
Maces & Flails | 1 |  1.4
Polearms       | 1 |  1.4
Staves         | 1 |  1.4
Slings         | 1 |  1.4
Bows           | 1 |  1.4
Crossbows      | 1 |  1.4
Throwing       | 1 |  1.4
Armour         | 1 |  1.4
Dodging        | 1 |  1.4
Stealth        | 1 |  1.4
Shields        | 1 |  1.4
Unarmed Combat | 1 |  1.4
Invocations    | 1 |  1.6
Evocations     | 1 |  1.4
Spellcasting   | 3 |  3.1
Conjurations   | 1 |  1.1
Hexes          | 1 |  1.1
Summonings     | 1 |  1.1
Necromancy     | 1 |  1.1
Translocations | 1 |  1.1
Transmutations | 1 |  1.1
Ice Magic      | 1 |  1.1
Air Magic      | 1 |  1.1
Earth Magic    | 1 |  1.1
Poison Magic   | 1 |  1.1
Fighting       | |  6.7
Long Blades    | |  6.7
Fire Magic     | |  5.5

Action                   |  1- 3 |  4- 6 || total
-------------------------+-------+-------++-------
Melee: Falchion          |    53 |    24 ||    77
       Bite              |     4 |     3 ||     7
 Cast: Scorch            |     3 |     3 ||     6
Armor: Robe              |    12 |     1 ||    13
Dodge: Dodged            |    57 |    17 ||    74

Table legend: (Time is in decaauts)
 A = Elapsed time spent in this place.
 B = Non-inter-level travel time spent in this place.
 C = Inter-level travel time spent in this place.
 D = Time resting spent in this place.
 E = Time spent auto-exploring this place.
 F = Levels seen in this place.
 G = Mean time per level.
                   A        B        C        D        E       F      G
               +--------+--------+--------+--------+--------+-----+--------+
         Total |   1174 |   1174 |      0 |    184 |    686 |   3 |  391.3 |
       Dungeon |   1174 |   1174 |      0 |    184 |    686 |   3 |  391.3 |
               +--------+--------+--------+--------+--------+-----+--------+

Top non-repeatable levels by time:
     D:2: 488 daAuts
     D:1: 460 daAuts
     D:3: 225 daAuts
